 Dungeon Crawl Stone Soup version 0.30-b1-2-g02819fbbbe (webtiles) character file.

Game seed: 11791135640643465852

255 LLlMATKO the Trooper (level 5, -2/72 HPs)
             Began as a Minotaur Berserker on June 2, 2023.
             Was a Priest of Trog.
             Slain by a gnoll
             ... wielding a +0 flail
              (7 damage)
             ... on level 4 of the Dungeon.
             The game lasted 00:02:21 (2512 turns).

LLlMATKO the Trooper (Minotaur Berserker)           Turns: 2512, Time: 00:02:21

Health: -2/72      AC:  2    Str: 24    XL:     5   Next: 91%
Magic:  4/4        EV: 12    Int:  4    God:    Trog [***...]
Gold:   230        SH:  0    Dex:  9    Spells: 4/4 levels left

rFire   . . .        a - +0 hand axe
rCold   . . .        (no shield)
rNeg    . . .        b - +0 animal skin
rPois   .            (helmet restricted)
rElec   .            (no cloak)
rCorr   .            (no gloves)
SInv    .            (no boots)
Will    .....        l - amulet of the acrobat Stlth
                     (no ring)
HPRegen 0.32/turn    (no ring)
MPRegen 0.09/turn

%: acrobat
@: berserking, very quick
A: horns 2, retaliatory headbutt
a: Renounce Religion, Berserk, Trog's Hand


You were on level 4 of the Dungeon.
You worshipped Trog.
Trog was most pleased with you.
You visited 1 branch of the dungeon, and saw 4 of its levels.

You collected 230 gold pieces.

Inventory:

Hand Weapons
 a - a +0 hand axe (weapon)
Armour
 b - a +0 animal skin (worn)
Jewellery
 l - an amulet of the acrobat (around neck)
Scrolls
 c - a scroll of torment {unknown}
 d - a scroll of blinking {unknown}
 e - 2 scrolls of enchant weapon {unknown}
 i - a scroll of identify {unknown}
 k - a scroll of teleportation {unknown}
 n - a scroll of fear {unknown}
 q - a scroll of noise {unknown}
Potions
 f - a potion of might {unknown}
 g - a potion of invisibility {unknown}
 h - 2 potions of magic {unknown}
 j - 3 potions of curing {unknown}
 m - a potion of mutation {unknown}
 o - a potion of degeneration {unknown}
 p - a potion of resistance {unknown}


   Skills:
 + Level 5.1 Fighting
 + Level 5.0 Axes
 + Level 4.2 Armour
 + Level 3.8 Dodging


You had 4 spell levels left.
You didn't know any spells.
Your spell library was empty.

Dungeon Overview and Level Annotations

Branches:
Dungeon (4/15)
 Temple: D:4-7

Altars:
Dithmenos


Innate Abilities, Weirdness & Mutations

You have a pair of horns on your head.
You reflexively headbutt those who attack you in melee.


Message History

You hear a bark!
There are monsters nearby!
You hit the gnoll but do no damage. Your headbutt misses the gnoll.
You hear an angry hiss.
The gnoll hits you with a +0 flail!
You are too injured to fight recklessly!
There are monsters nearby!
A red film seems to cover your vision as you go berserk!
You feel yourself moving faster!
You feel mighty! The gnoll hits you with a +0 flail!
* * * LOW HITPOINT WARNING * * *
A jackal comes into view.
You slash the gnoll! You headbutt the gnoll.
The gnoll is severely wounded.
You closely miss the jackal. The gnoll barely misses you.
The jackal closely misses you.
Unknown command.
You closely miss the gnoll.
The gnoll is severely wounded.
You completely miss the jackal. The gnoll hits you with a +0 flail!
* * * LOW HITPOINT WARNING * * *
The jackal bites you but does no damage.
Unknown command.
You barely miss the gnoll.
The gnoll is severely wounded.
You hit the jackal.
Unknown command.
You barely miss the gnoll.
The gnoll is severely wounded.
You slash the jackal!
You kill the jackal!
Trog accepts your kill. The gnoll misses you.
Unknown command.
You barely miss the gnoll. Your headbutt misses the gnoll.
The gnoll is severely wounded.
You hit the jackal.
A jackal comes into view.
The jackal closely misses you. The gnoll hits you with a +0 flail!
You die...

#....#..#..# #
#....#..#..#### #.
###....#..(.<.... ##.#
#...<..#.###.####
.....
#.######........#
...###............##.#
....h........>...### #
#.#.#gh######.##†# #
##@# #.##.####.# #)##
#.##......# #.)#
#.######### ##.#
#.##.......
#.#####.##.#####.
#....##.##.# #.
####.##.##.# #.
#....##[# #. ###...††#
#.


You could see a gnoll and 2 jackals.

Vanquished Creatures
  A jelly (D:4)
  A hound (D:4)
  2 iguanas
  3 gnolls (D:4)
  4 adders (D:2)
  A worm (D:2)
  A dart slug (D:1)
  An orc (D:3)
  7 ball pythons
  6 endoplasms
  3 giant cockroaches
  4 goblins
  7 hobgoblins
  5 jackals
  5 quokkas
  3 bats
  6 frilled lizards
  6 kobolds
  8 rats
74 creatures vanquished.

Vanquished Creatures (others)
  2 plants (D:2)
2 creatures vanquished.

Grand Total: 76 creatures vanquished

Notes
Turn   | Place    | Note
-------+----------+-------------------------------------------
     0 | D:1      | LLlMATKO the Minotaur Berserker began the quest for the
                  | Orb.
     0 | D:1      | Reached XP level 1. HP: 19/19 MP: 0/0
   156 | D:1      | Reached XP level 2. HP: 21/27 MP: 1/1
   660 | D:1      | Reached ** piety under Trog
   661 | D:1      | Reached XP level 3. HP: 33/33 MP: 2/2
  1285 | D:2      | Reached XP level 4. HP: 23/41 MP: 3/3
  1532 | D:2      | Found a faded altar of an unknown god.
  2010 | D:3      | Found a shadowy altar of Dithmenos.
  2237 | D:4      | Reached XP level 5. HP: 33/47 MP: 4/4
  2308 | D:4      | Reached *** piety under Trog
  2413 | D:4      | Reached skill level 5 in Fighting
  2481 | D:4      | Noticed a water moccasin
  2497 | D:4      | Reached skill level 5 in Axes
  2512 | D:4      | Slain by a gnoll

Illustrated notes

Levels and vault maps discovered:
D:1:      nicolae_arrival_washed_ashore, layout_basic, chequers_avenue
D:2:      layout_rooms, nicolae_ecumenical_snake_handling,
          minmay_shallow_snake_nest
D:3:      layout_basic, mainiacjoe_overflow_concentric_impassable
D:4:      minmay_clustersquares, layout_basic, lemuel_round_altar,
          minmay_temple_entry_sparse_star, uniq_blork_the_orc

Skill      XL: |  1  2  3  4  5 |
---------------+----------------+-----
Fighting       | 4 5 |  5.1
Axes           | 4 5 |  5.0
Armour         | 3 4 |  4.2
Dodging        | 3 |  3.8

Action                     |  1- 3 |  4- 6 || total
---------------------------+-------+-------++-------
  Melee: Hand axe          |    85 |    70 ||   155
         Punch             |     1 |     1 ||     2
         Headbutt          |    13 |    14 ||    27
 Invoke: Berserk           |       |     2 ||     2
 Armour: Animal skin       |     4 |     5 ||     9
  Dodge: Dodged            |    57 |    57 ||   114
